 Dungeon Crawl Stone Soup version 0.31.0-12-g77e489cdc1 (webtiles) character file.

Game seed: 6805579222371211194

57 lordive the Changeling (level 4, 0/29 HPs)
             Began as an Octopode Shapeshifter on Mar 2, 2024.
             Slain by Sigmund
             ... wielding a +0 scythe
              (8 damage)
             ... on level 2 of the Dungeon.
             The game lasted 00:02:34 (1380 turns).

lordive the Changeling (Octopode Shapeshifter)      Turns: 1380, Time: 00:02:35

Health: 0/29       AC:  1    Str: 19    XL:     4   Next: 0%
Magic:  4/4        EV: 13    Int: 14    God:
Gold:   42         SH:  0    Dex: 11    Spells: 3/3 levels left

rFire   . .          .
                       - Unarmed
rCold   . . .        (no shield)
rNeg    . . .        (helmet currently unavailable)
rPois   .            i - amulet of regeneration
rElec   .            g - +6 ring of strength
rCorr   .            (no ring)
SInv    .            (no ring)
Will    .....        (no ring)
Stlth   ++           (no ring)
HPRegen 1.04/turn    (no ring)
MPRegen 0.09/turn    (no ring)
                     (no ring)

%: no passive effects
@: beast-form
A: beast (slay +2), almost no armour, amphibious, 8 rings, camouflage 1,
gelatinous body 1, (nimble swimmer 1), tentacles
a: Begin Untransformation


You were on level 2 of the Dungeon.
You were a hulking beast.
You visited 1 branch of the dungeon, and saw 2 of its levels.

You collected 42 gold pieces.

Inventory:

Hand Weapons
 k - a +5 short sword
Armour
 n - an orb of light
Jewellery
 e - an amulet of magic regeneration
 g - a +6 ring of strength (left tentacle)
 i - an amulet of regeneration (around mantle)
Talismans
 b - a beast talisman
 c - a flux talisman
Scrolls
 j - a scroll of poison {unknown}
 l - a scroll of teleportation {unknown}
 m - a scroll of identify {unknown}
Potions
 a - 2 potions of lignification
 d - a potion of invisibility {unknown}
 f - a potion of ambrosia {unknown}
 h - a potion of haste {unknown}
 o - a potion of curing {unknown}
 p - a potion of heal wounds {unknown}


   Skills:
 * Level 1.7 Fighting
 * Level 2.4 Dodging
 + Level 3.3 Unarmed Combat
 * Level 3.7 Shapeshifting


You had 3 spell levels left.
You didn't know any spells.
Your spell library contained the following spells:

 Spells                   Type           Power      Damage    Failure   Level
 Mercury Vapours          Alch/Air       0%         N/A       41%         2
 Mephitic Cloud           Conj/Alch/Air  0%         N/A       65%         3
 Freezing Cloud           Conj/Ice/Air   0%         6-21      100%        5


Dungeon Overview and Level Annotations

Branches:
Dungeon (2/15)

Altars:

Annotations:
D:2 Sigmund


Innate Abilities, Weirdness & Mutations

You are a hulking beast.
Your limbs bulge with bestial killing power. (Slay +2)
You cannot wear most types of armour.
You are amphibious.
You can wear up to eight rings at the same time.
Your skin changes colour to match your surroundings (Stealth+).
Your rubbery body absorbs attacks. (AC +1, EV +1)
((You are camouflaged when in or above water. (Stealth+)))
You have tentacles for arms and can constrict up to eight enemies at once.


Message History

A hobgoblin is nearby!
The hobgoblin misses you.
You closely miss the hobgoblin. You grab the hobgoblin.
You squeeze the hobgoblin.
The hobgoblin is heavily wounded.
You constrict the hobgoblin. The hobgoblin hits you.
You tentacle-slap the hobgoblin.
You kill the hobgoblin!
You have reached level 4!
No target in view!
No target in view!
No target in view!
No target in view!
No target in view!
No target in view!
No target in view!
Found an escape hatch in the floor.
Found a stone staircase leading down.
There is an escape hatch in the floor here.
Sigmund the Dreaded comes into view.
He is wielding a +0 scythe.
Sigmund is nearby!
Sigmund is nearby!
Sigmund is nearby!
Found 4 gold pieces.
Sigmund mumbles some strange words.
Sigmund flickers and vanishes!
Deactivating autopickup; reactivate with Ctrl-A.
There is a stone staircase leading down here.
You tentacle-slap something. Something hits you!
You tentacle-slap something. You squeeze something. Something hits you.
You closely miss something. You closely miss something.
Your tentacle-slap misses something.
Your squeeze misses something. Something hits you.
You closely miss something. You miss something. Something barely misses you.
You closely miss something. Something hits you!
* * * LOW HITPOINT WARNING * * *
You barely miss something. Your squeeze misses something.
You barely miss something. Something hits you!
You die...

.. # # .# $# #.
##.##. # .##..#.
# ..... + ... #
#{# # ##h##
#...## #....#
#....# #+#
####.# #.# #.#
#.# #.# #####.##
#># #......##
#.######.#.....#


There were no monsters in sight!

Vanquished Creatures
  An adder (D:2)
  2 dart slugs
  A ribbon worm (D:2)
  4 ball pythons
  5 endoplasms
  2 giant cockroaches (D:2)
  5 hobgoblins
  4 jackals (D:1)
  3 kobolds (D:1)
  5 bats
  2 goblins
  4 rats (D:1)
38 creatures vanquished.

Notes
Turn   | Place    | Note
-------+----------+-------------------------------------------
     0 | D:1      | lordive the Octopode Shapeshifter began the quest for the
                  | Orb.
     0 | D:1      | Reached XP level 1. HP: 13/13 MP: 1/1
   135 | D:1      | Reached XP level 2. HP: 18/18 MP: 2/2
   485 | D:1      | Reached XP level 3. HP: 16/23 MP: 3/3
  1321 | D:2      | Reached XP level 4. HP: 28/29 MP: 4/4
  1367 | D:2      | Noticed Sigmund
  1380 | D:2      | Slain by Sigmund

Illustrated notes

Levels and vault maps discovered:
D:1:      kilobyte_arrival_exit_the_forest, layout_basic
D:2:      layout_loops_corners, minivault_25, uniq_sigmund

Action                     |  1- 3 |  4- 6 || total
---------------------------+-------+-------++-------
  Melee: Unarmed           |    58 |     9 ||    67
         Constrict         |    17 |       ||    17
         Tentacles         |     9 |     1 ||    10
         Punch             |     2 |       ||     2
         Short sword       |     1 |       ||     1
   Stab: Sleeping          |     9 |       ||     9
 Armour: Skin              |    23 |     5 ||    28
  Dodge: Dodged            |    30 |     1 ||    31
